Map: Frozen Temple

Players

blacKoala - Winner!

  • Race: Zerg Zerg
  • League: Platinum

blackxored

  • Race: Zerg Zerg
  • League: Platinum

VOD

Have the link to the VOD?

Description

Time

  • Played on: June 29, 2016, 7:01 p.m.
  • Length: 3:27
Show
View Real Time Build Order
Export as new Build Order

blacKoala Zerg - Winner!

Build Orders: Pool First 

Get SALT Encoding   

  12  0:01  Drone  
  13  0:08  Drone  
  14  0:20  Extractor, Drone  
  14  0:28  Extractor, Drone  
  15  0:39  Spawning Pool  
  14  0:46  Overlord  
  14  1:04  Drone x3  
  17  1:25  Queen  
  17  1:26  Metabolic Boost  
  19  1:34  Zergling x4  
  19  1:38  Overlord  
  21  1:48  Zergling x2  
  22  2:05  Hatchery  
  21  2:11  Zergling x2  
  21  2:13  Zergling x2  
  23  2:21  Spine Crawler  
  22  2:28  Zergling x2  
  23  2:42  Zergling x8  
  25  2:58  Zergling x2  
  25  2:59  Zergling x2  
  27  3:22  Spine Crawler  
Show
View Real Time Build Order
Export as new Build Order

blackxored Zerg 

Build Orders: Hatch First 

Get SALT Encoding   

  12  0:01  Drone  
  13  0:09  Drone  
  14  0:17  Overlord  
  14  0:23  Extractor  
  14  0:24  Drone  
  15  0:37  Drone x2  
  17  0:56  Hatchery  
  16  0:59  Drone  
  16  1:00  Drone  
  18  1:13  Extractor  
  18  1:15  Spawning Pool  
  18  1:17  Drone  
  17  1:20  Drone  
  18  1:27  Drone  
  19  1:38  Overlord  
  19  1:49  Drone  
  20  2:03  Zergling x2, Queen  
  20  2:06  Spine Crawler  
  22  2:09  Zergling x2  
  22  2:14  Zergling x2  
  26  2:21  Zergling x2  
  26  2:22  Zergling x2  
  27  2:31  Zergling x2  
  27  2:34  Zergling x2  
  28  2:39  Queen  
  27  2:47  Zergling x4  
  27  2:52  Zergling x2  
  26  3:03  Zergling x4  
  26  3:09  Zergling x2  
Tags
 
Add a new tag
Caveats
  • Supply blocks, unpowered buildings, or Contaminate may cause inaccurate times.
  • Supply counts are checked every 10 seconds.